 Dungeon Crawl Stone Soup version 0.29-a0-275-g389c0b56f3 (webtiles) character file.

Game seed: 13697002332038837068

49 Ordine the Slasher (level 3, -8/22 HPs)
             Began as a Tengu Warper on Mar 10, 2022.
             Mangled by a gnoll
             ... wielding a +0 halberd
              (12 damage)
             ... on level 2 of the Dungeon.
             The game lasted 00:02:11 (1892 turns).

Ordine the Slasher (Tengu Warper)                   Turns: 1892, Time: 00:02:12

Health: -8/22      AC:  3    Str: 11    XL:     3   Next: 75%
Magic:  7/7        EV: 12    Int: 13    God:
Gold:   42         SH:  0    Dex: 15    Spells: 6/6 levels left

rFire   . . .      SeeInvis .   a - +0 falchion
rCold   . . .      Faith    .   (no shield)
rNeg    . . .      Spirit   .   b - +0 leather armour
rPois   .          Reflect  .   (helmet restricted)
rElec   .          Harm     .   (no cloak)
rCorr   .          Rampage  .   (no gloves)
Will    .....                   (boots unavailable)
Stlth   +.........              (no amulet)
HPRegen 0.07/turn               (no ring)
MPRegen 0.10/turn               (no ring)

@: no status effects
A: beak, talons 3
a: no special abilities


You were on level 2 of the Dungeon.
You visited 1 branch of the dungeon, and saw 2 of its levels.

You collected 42 gold pieces.

Inventory:

Hand Weapons
 a - a +0 falchion (weapon)
Missiles
 d - 7 boomerangs of dispersal
 h - 2 poisoned darts
Armour
 b - a +0 leather armour (worn)
Jewellery
 j - a ring of magical power
Scrolls
 c - 2 scrolls of blinking
 f - a scroll of enchant weapon {unknown}
 g - a scroll of enchant armour {unknown}
 i - 2 scrolls of identify {unknown}
 n - a scroll of vulnerability {unknown}
 p - a scroll of teleportation {unknown}
Potions
 e - a potion of mutation {unknown}
 k - 2 potions of magic {unknown}
 l - a potion of haste {unknown}
 m - a potion of ambrosia {unknown}


   Skills:
 + Level 2.6 Fighting
 * Level 3.4 Long Blades
 + Level 1.8 Throwing
 - Level 1.1 Armour
 - Level 2.1 Dodging
 - Level 2.0 Spellcasting
 - Level 2.4 Translocations


You had 6 spell levels left.
You didn't know any spells.
Your spell library contained the following spells:

 Spells                   Type           Power      Damage    Failure   Level
 Blink                    Tloc           14%        N/A       19%         2
 Gell's Gravitas          Tloc           7%         N/A       36%         3
 Lesser Beckoning         Tloc           7%         N/A       36%         3
 Teleport Other           Tloc           7%         N/A       36%         3
 Manifold Assault         Tloc           7%         N/A       98%         5


Dungeon Overview and Level Annotations

Branches:
Dungeon (2/15)

Altars:


Innate Abilities, Weirdness & Mutations

You have a beak for a mouth.
You have claws for feet.


Message History

No target in view!
Found 12 stones.
You open the door.
There is an open door here.
You open the door.
There is an open door here.
A gnoll comes into view. It is wielding a +0 club.
The gnoll shouts!
You hear a shout!
You hit the gnoll.
The gnoll is heavily wounded.
The gnoll hits you with a +0 club.
You hit the gnoll.
The gnoll is severely wounded.
The gnoll misses you.
You slash the gnoll!
You kill the gnoll!
No target in view!
A gnoll comes into view. It is wielding a +0 halberd.
There is an open door here.
You close the door.
A gnoll breaks down the door.
There is an open door here.
You see here 8 stones.
You start resting.
A gnoll is nearby!
The gnoll hits you with a +0 halberd.
You see here 8 stones.
You hit the gnoll. You claw the gnoll, but do no damage.
The gnoll is lightly wounded.
The gnoll barely misses you.
You closely miss the gnoll. You claw the gnoll!
The gnoll is severely wounded.
The gnoll barely misses you.
You barely miss the gnoll. Your kick misses the gnoll.
The gnoll is severely wounded.
The gnoll hits you with a +0 halberd!
* * * LOW HITPOINT WARNING * * *
The gnoll hits you with a +0 halberd!
Ouch! That really hurt!
You die...

#.#.#########.######.#
#.#.#.......#.#.(..#.#
#.#.#.#####.#.#.##.#.#
#.#.#.# #.#.#..†.#.#
#.#.#.# #.#.#..#.#.#
######.#.#.#####.#.#..###.#
................))>#......#
.#####.#.#......g..#.######
.# #.#.#######@#.#.# .#
#.#...........#.# .#
#.#########.###.# .# #.#
#.# #.# .# #.# #.# #.# .#
#.# ..# #.# .#
#.#############.# .#
#...............# .#
#################


You could see a gnoll.

Vanquished Creatures
  A gnoll (D:2)
  An adder (D:2)
  A dart slug (D:1)
  3 bats (D:1)
  3 endoplasms
  A giant cockroach (D:1)
  5 goblins
  4 hobgoblins (D:1)
  A kobold (D:2)
  A quokka (D:1)
  A ball python (D:2)
  3 rats (D:1)
25 creatures vanquished.

Notes
Turn   | Place    | Note
-------+----------+-------------------------------------------
     0 | D:1      | Ordine the Tengu Warper began the quest for the Orb.
     0 | D:1      | Reached XP level 1. HP: 12/12 MP: 4/4
   350 | D:1      | Reached XP level 2. HP: 15/17 MP: 6/6
   943 | D:1      | Reached skill level 3 in Long Blades
  1413 | D:2      | Reached XP level 3. HP: 19/22 MP: 7/7
  1892 | D:2      | Mangled by a gnoll

Illustrated notes

Levels and vault maps discovered:
D:1:      mrwooster_arrival_statue_3, layout_loops_ring
D:2:      layout_basic, hangedman_decor_lopped, uniq_terence

Skill      XL: |  1  2 |
---------------+-------+-----
Long Blades    | 3 |  3.4
Fighting       | |  2.6
Throwing       | |  1.8
Armour         | |  1.1
Dodging        | |  2.1
Spellcasting   | |  2.0
Translocations | |  2.4

Action                   || total
-------------------------++-------
Melee: Falchion          ||    81
       Kick              ||    17
       Peck              ||     9
 Stab: Sleeping          ||     1
Armor: Leather armour    ||    21
Dodge: Dodged            ||    44

Table legend: (Time is in decaauts)
 A = Elapsed time spent in this place.
 B = Non-inter-level travel time spent in this place.
 C = Inter-level travel time spent in this place.
 D = Time resting spent in this place.
 E = Time spent auto-exploring this place.
 F = Levels seen in this place.
 G = Mean time per level.
                   A        B        C        D        E       F      G
               +--------+--------+--------+--------+--------+-----+--------+
         Total |   1903 |   1847 |     56 |      3 |   1627 |   2 |  951.5 |
       Dungeon |   1903 |   1847 |     56 |      3 |   1627 |   2 |  951.5 |
               +--------+--------+--------+--------+--------+-----+--------+

Top non-repeatable levels by time:
     D:1: 1397 daAuts
     D:2: 506 daAuts
